 Dungeon Crawl Stone Soup version 0.29.1-1-gd02db6906a (webtiles) character file.

Game seed: 8310506070790159535

4693 LustLizard the Covert (level 10, 0/51 HPs)
             Began as a Spriggan Arcane Marksman on Sept 23, 2022.
             Was a Believer of Dithmenos.
             Succumbed to a killer bee's poison
             ... on level 8 of the Dungeon.
             The game lasted 00:23:26 (12123 turns).

LustLizard the Covert (Spriggan Arcane Marksman)   Turns: 12123, Time: 00:23:27

Health: 0/51       AC:  3    Str:  6    XL:     10   Next: 21%
Magic:  13/13      EV: 18    Int: 21    God:    Dithmenos [**....]
Gold:   386        SH:  0    Dex: 20    Spells: 7/11 levels left

rFire   . . .      SeeInvis +   B - +0 shortbow
rCold   . . .      Faith    .   (shield currently unavailable)
rNeg    . . .      Spirit   .   c - +1 robe
rPois   .          Reflect  .   (helmet restricted)
rElec   .          Harm     .   (no cloak)
rCorr   +          Rampage  .   (gloves unavailable)
Will    +....                   (boots unavailable)
Stlth   +++++++...              (no amulet)
HPRegen 0.17/turn               g - ring of resist corrosion
MPRegen 0.13/turn               n - +6 ring of intelligence

@: lethally poisoned (0 -> -21), wreathed by umbra, very quick
A: very small, no large weapons, unfitting armour, see invisible, speed 3
a: Renounce Religion, Shadow Step


You were on level 8 of the Dungeon.
You worshipped Dithmenos.
Dithmenos was pleased with you.
You visited 2 branches of the dungeon, and saw 9 of its levels.
You also visited: Sewer.

You collected 503 gold pieces.
You spent 117 gold pieces at shops.

Inventory:

Hand Weapons
 a - a +1 sling
 B - a +0 shortbow (weapon)
Armour
 c - a +1 robe (worn)
 o - a +0 buckler
Jewellery
 g - a ring of resist corrosion (left hand)
 n - a +6 ring of intelligence (right hand)
 C - a ring of protection from fire
 G - an amulet of guardian spirit
Wands
 F - a wand of paralysis (6)
 J - a wand of mindburst (8)
Scrolls
 b - 5 scrolls of poison
 d - 2 scrolls of immolation {unknown}
 f - a scroll of magic mapping {unknown}
 h - 3 scrolls of butterflies {unknown}
 l - 3 scrolls of enchant armour
 m - 4 scrolls of enchant weapon {unknown}
 q - 4 scrolls of teleportation
 u - 3 scrolls of amnesia {unknown}
 w - a scroll of blinking {unknown}
 y - 2 scrolls of fear {unknown}
 z - a scroll of summoning {unknown}
 A - a scroll of acquirement {unknown}
 I - a scroll of brand weapon {unknown}
Potions
 e - 4 potions of cancellation
 i - 5 potions of mutation
 j - 6 potions of degeneration
 k - 2 potions of brilliance
 p - 2 potions of attraction
 r - 2 potions of ambrosia
 s - a potion of might {unknown}
 t - 3 potions of curing
 v - a potion of heal wounds
 x - 2 potions of invisibility {unknown}
 D - a potion of berserk rage {unknown}
 E - a potion of haste {unknown}
 H - a potion of lignification {unknown}


   Skills:
 + Level 5.3 Fighting
 * Level 9.5 Ranged Weapons
 - Level 2.6 Dodging
 * Level 14.1 Stealth
 - Level 1.3 Spellcasting
 - Level 4.0 Hexes
 - Level 4.0 Translocations


You had 7 spell levels left.
You knew the following spells:

 Your Spells              Type           Power      Damage    Failure   Level
a - Slow                  Hex            72%        N/A       3%          1
b - Portal Projectile     Hex/Tloc       36%        N/A       9%          3

Your spell library contained the following spells:

 Spells                   Type           Power      Damage    Failure   Level
 Confusing Touch          Hex            18%        N/A       9%          3
 Magic Dart               Conj           4%         1d3       16%         1
 Inner Flame              Hex/Fire       9%         N/A       21%         3
 Searing Ray              Conj           2%         2d4       24%         2
 Cause Fear               Hex            9%         N/A       30%         4
 Vampiric Draining        Necr           1%         2d6       43%         3
 Fulminant Prism          Conj/Hex       4%         3d6       56%         4
 Animate Dead             Necr           1%         N/A       83%         4
 Borgnjor's Vile Clutch   Necr/Erth      0%         N/A       99%         5
 Death Channel            Necr           0%         N/A       100%        6


Dungeon Overview and Level Annotations

Branches:
Dungeon (8/15)             Temple (1/1) D:5           Sewer (visited)
   Lair: D:8-11

Altars:
Ashenzari
Dithmenos
Fedhas
Gozag
Kikubaaqudgha
Makhleb
Qazlal
Sif Muna
Uskayaw
Xom
Zin
The Shining One

Shops:
D:4 [   D:6 (   D:8 *


Innate Abilities, Weirdness & Mutations

You are very small and have problems with some larger weapons.
You are too small for most types of armour.
You have supernaturally acute eyesight. (SInv)
You cover ground extremely quickly. (Speed+++)


Message History

You shoot an arrow. The arrow misses the killer bee.
You feel sick. The killer bee stings you.
You are more poisoned.
The killer bee poisons you! The killer bee stings you.
You are more poisoned.
The killer bee poisons you!
You are too injured to fight recklessly!
You are too injured to fight recklessly!
You are too injured to fight recklessly!
Fire: B) +0 shortbow
Press: ? - help, Q - select action, (/) - cycle Shift-Dir - straight line, f/p - killer bee
Aim: a killer bee (almost dead, umbra, 45% to hit)
You shoot an arrow. The arrow hits the killer bee.
The killer bee is almost dead.
You feel very sick. The killer bee stings you. The killer bee misses you.
Fire: B) +0 shortbow
Press: ? - help, Q - select action, (/) - cycle Shift-Dir - straight line, f/p - killer bee
Aim: a killer bee (almost dead, umbra, 45% to hit)
You shoot an arrow.
The arrow closely misses the killer bee.
* * * LOW HITPOINT WARNING * * *
You feel very sick. The killer bee misses you.
The killer bee closely misses you.
Fire: B) +0 shortbow
Press: ? - help, Q - select action, (/) - cycle Shift-Dir - straight line, f/p - killer bee
Aim: a killer bee (almost dead, umbra, 45% to hit)
You shoot an arrow. The arrow barely misses the killer bee.
* * * LOW HITPOINT WARNING * * *
You feel very sick. The killer bee stings you.
* * * LOW HITPOINT WARNING * * *
You are more poisoned.
The killer bee poisons you! The killer bee misses you.
Fire: B) +0 shortbow
Press: ? - help, Q - select action, (/) - cycle Shift-Dir - straight line, f/p - killer bee
Aim: a killer bee (almost dead, umbra, 45% to hit)
You shoot an arrow.
The arrow closely misses the killer bee.
You die...

####### #.# #.# #.#
########### #.#
###.........# #.#
#.......###.# #.# ####
# #........##.#
#.##...## #
#........##.###.#.....#
#
#...........@y.........
.
#........##.##.........
#........##.#........#.
#........##.##...#####
###.........###.##
##.######## #†# #.# #.#
#.# ##+## #.### ##...##


You could see a killer bee.

Vanquished Creatures
  Pikel (D:5)
  Sigmund (D:4)
  4 yaks (D:8)
  A wyvern (D:6)
  3 water moccasins
  3 orc warriors
  A black bear (D:8)
  A sky beast (D:8)
  A centaur (D:7)
  4 ogres (D:5)
  A phantom (D:7)
  3 lemures (D:5)
  5 bullfrogs
  2 scorpions
  8 wights
  7 killer bees
  A howler monkey (D:8)
  2 hounds
  3 jellies
  8 orc priests
  An iguana (D:5)
  9 orc wizards
  Terence (D:2)
  4 gnolls (D:3)
  7 adders
  A shadow imp (D:6)
  2 white imps
  A worm (D:2)
  A dart slug (D:4)
  23 orcs
  8 ball pythons
  5 bats
  9 endoplasms
  4 giant cockroaches
  3 goblins
  6 hobgoblins
  14 jackals
  11 kobolds
  3 quokkas
  3 frilled lizards
  13 rats
189 creatures vanquished.

Notes
Turn   | Place    | Note
-------+----------+-------------------------------------------
     0 | D:1      | LustLizard the Spriggan Arcane Marksman began the quest for
                  | the Orb.
     0 | D:1      | Reached XP level 1. HP: 9/9 MP: 3/3
     2 | D:1      | Noticed a formicid
     2 | D:1      | Noticed an elf
     4 | D:1      | Noticed a palentonga
     4 | D:1      | Noticed a vine stalker
     6 | D:1      | Noticed a demonspawn
     8 | D:1      | Noticed a vampire
    10 | D:1      | Noticed a demigod
    10 | D:1      | Noticed a ghoul
    12 | D:1      | Noticed a spriggan
    12 | D:1      | Noticed a felid
    14 | D:1      | Noticed a tengu
    14 | D:1      | Noticed a meteoran
    16 | D:1      | Noticed a naga
    16 | D:1      | Noticed a minotaur
    18 | D:1      | Noticed an ogre
    18 | D:1      | Noticed a draconian
    21 | D:1      | Noticed an octopode
    21 | D:1      | Noticed a human
    23 | D:1      | Noticed a gargoyle
    25 | D:1      | Noticed a troll
    25 | D:1      | Noticed an ogre
    27 | D:1      | Noticed a meteoran
    27 | D:1      | Noticed an ogre
   169 | D:1      | Reached skill level 1 in Stealth
   182 | D:1      | Reached XP level 2. HP: 12/14 MP: 5/5
   188 | D:1      | Reached skill level 1 in Fighting
   482 | D:1      | Reached skill level 2 in Stealth
   574 | D:1      | Reached XP level 3. HP: 18/18 MP: 6/6
   893 | D:1      | Found a faded altar of an unknown god.
  1271 | D:2      | Reached skill level 3 in Stealth
  1583 | D:2      | Noticed Terence
  1626 | D:2      | Killed Terence
  1627 | D:2      | Reached XP level 4. HP: 22/22 MP: 7/7
  1862 | D:2      | Reached skill level 4 in Stealth
  2577 | D:3      | Reached XP level 5. HP: 21/26 MP: 8/8
  3049 | D:3      | Learned a level 3 spell: Portal Projectile
  3506 | D:4      | Reached skill level 5 in Stealth
  3519 | D:3      | Reached skill level 1 in Translocations
  3573 | D:4      | Found a stormy altar of Qazlal.
  3888 | D:4      | Noticed Sigmund
  3933 | D:4      | Reached XP level 6. HP: 29/30 MP: 9/9
  4280 | D:4      | Killed Sigmund
  4281 | D:4      | Reached skill level 6 in Stealth
  4397 | D:4      | Reached XP level 7. HP: 31/35 MP: 10/10
  4749 | D:4      | Found Viecsup's Antique Armour Boutique.
  4819 | D:5      | Entered Level 5 of the Dungeon
  4819 | D:5      | Found a burning altar of Makhleb.
  4819 | D:5      | Found an ancient bone altar of Kikubaaqudgha.
  4839 | D:5      | Found a staircase to the Ecumenical Temple.
  4853 | Temple   | Entered the Ecumenical Temple
  4859 | Temple   | Became a worshipper of Dithmenos the Shadowed
  4966 | D:5      | Reached skill level 7 in Stealth
  5121 | D:5      | Reached skill level 5 in Ranged Weapons
  5262 | D:5      | Reached skill level 8 in Stealth
  5287 | D:5      | Noticed Pikel
  5518 | D:5      | Reached XP level 8. HP: 39/40 MP: 11/11
  5547 | D:5      | Found a glowing drain.
  5552 | Sewer    | Entered a sewer
  5687 | Sewer    | Reached skill level 9 in Stealth
  6277 | D:5      | Killed Pikel
  6278 | D:5      | Reached skill level 10 in Stealth
  6769 | D:5      | Reached * piety under Dithmenos
  6840 | D:5      | Reached skill level 11 in Stealth
  6840 | D:5      | Reached XP level 9. HP: 45/45 MP: 12/12
  6918 | D:6      | Found Esmiug's Weapon Boutique.
  7662 | D:6      | Found a broken altar of Ashenzari.
  7857 | D:6      | Reached skill level 12 in Stealth
  8022 | D:6      | Found a shimmering blue altar of Sif Muna.
  9855 | D:7      | Reached skill level 13 in Stealth
 10176 | D:7      | Found a glowing silver altar of Zin.
 11216 | D:8      | Reached skill level 5 in Fighting
 11284 | D:8      | Found Fealiud's Assorted Antiques.
 11290 | D:8      | Bought a scroll labelled MUCABE KIVULLE for 24 gold pieces
 11290 | D:8      | Bought a scroll of identify for 48 gold pieces
 11290 | D:8      | Bought a scroll labelled IJIOLA DOHASH for 24 gold pieces
 11290 | D:8      | Bought a fizzy white potion for 21 gold pieces
 11448 | D:8      | Reached ** piety under Dithmenos
 11545 | D:8      | Reached XP level 10. HP: 36/51 MP: 13/13
 11905 | D:8      | Reached skill level 14 in Stealth
 12123 | D:8      | Succumbed to a killer bee's poison

Illustrated notes

Levels and vault maps discovered:
D:1:      kb_arrival_jail, layout_loops_ring, basic_ecumenical_altar
D:2:      minmay_inner_zag, layout_basic, fountainhead, uniq_terence
D:3:      layout_rooms, kennysheep_path_1
D:4:      layout_basic, lemuel_crystal_altar, serial_shops, shop, st_stairs_14,
          uniq_sigmund
D:5:      layout_loops_cross, chequers_temple_overflow_statue_of_worship,
          minmay_temple_entry_junction, portal_sewer_entry_e, uniq_pikel
D:6:      layout_loops_cross, kennysheep_orc_sif_temple,
          nicolae_ashenzari_skybound, serial_shops, shop,
          hangedman_decor_growths, minmay_misc_feat_cross
D:7:      layout_basic, zin_scriptorium
D:8:      layout_loops_corners, serial_shops, shop, hex_large
Temple:   eino_temple_rhombus

Skill      XL: |  1  2  3  4  5  6  7  8  9 10 |
---------------+-------------------------------+-----
Stealth        | 1 2 3 4 5 6 8 11 13 14 | 14.1
Fighting       | 1 2 3 4 5 |  5.3
Hexes          | 4 |  4.0
Ranged Weapons | 3 4 5 7 9 |  9.5
Translocations | 2 3 4 |  4.0
Dodging        | |  2.6
Spellcasting   | |  1.3

Action                   |  1- 3 |  4- 6 |  7- 9 | 10-12 || total
-------------------------+-------+-------+-------+-------++-------
 Fire: Sling             |   154 |   172 |   672 |       ||   998
       Shortbow          |       |       |    34 |    83 ||   117
 Cast: Slow              |     1 |       |     8 |       ||     9
  Use: Scroll            |     3 |       |     6 |       ||     9
       Potion            |       |     1 |     1 |       ||     2
Armor: Robe              |     8 |     7 |    17 |     2 ||    34
Dodge: Dodged            |    76 |    56 |   257 |    19 ||   408
